 Dungeon Crawl Stone Soup version 0.20.1-1-g8b1a95d (webtiles) character file.

233 Mesmaeker13 the Skirmisher (level 5, -14/46 HPs)
             Began as a Draconian Skald on Dec 24, 2017.
             Demolished by an ogre
             ... wielding a +0 giant spiked club
              (26 damage)
             ... on level 4 of the Dungeon.
             The game lasted 00:05:29 (3997 turns).

Mesmaeker13 the Skirmisher (Draconian Skald)        Turns: 3997, Time: 00:05:30

Health: -14/46     AC:  6    Str: 15    XL:     5   Next: 75%
Magic:  3/8        EV: 13    Int: 13    God:
Gold:   119        SH:  0    Dex: 10    Spells: 0/8 levels left

rFire    . . .     SeeInvis .   a - +0 mace
rCold    . . .     Gourm    .   (no shield)
rNeg     . . .     Faith    .   (armour unavailable)
rPois    .         Spirit   .   (helmet restricted)
rElec    .         Reflect  .   (no cloak)
rCorr    .         Harm     .   h - +0 pair of gloves
MR       +....                  (no boots)
Stlth    +.........             (no amulet)
Regen    0.2/turn               e - ring of protection from magic
MPRegen  0.2/turn               (no ring)

@: infused
A: unfitting armour, cold-blooded, AC +5
a: no special abilities


You were on level 4 of the Dungeon.
You were very hungry.

You visited 2 branches of the dungeon, and saw 5 of its levels.

You collected 119 gold pieces.

Inventory:

Hand Weapons
 a - a +0 mace (weapon)
 m - a +3 dagger of distortion
 r - a +0 morningstar
Missiles
 n - 2 tomahawks (quivered)
Armour
 h - a +0 pair of gloves (worn)
Jewellery
 e - a ring of protection from magic (left hand)
Scrolls
 d - a scroll of teleportation {unknown}
 k - a scroll of magic mapping
 l - a scroll of immolation {unknown}
 v - a scroll of remove curse {unknown}
 w - a scroll of fog {unknown}
 x - a scroll of fear {unknown}
Potions
 g - a potion of flight {unknown}
 i - a potion of heal wounds {unknown}
 q - 3 potions of curing
 s - a potion of lignification {unknown}
 t - a potion of degeneration {unknown}
 u - a potion of magic {unknown}
Books
 b - a book of Battle

   Spells                             Type                      Level
   a - Infusion                       Charms                       1
   b - Shroud of Golubria             Charms/Translocation         2
   c - Song of Slaying                Charms                       2
   d - Spectral Weapon                Hexes/Charms                 3
   e - Regeneration                   Charms/Necromancy            3
Comestibles
 c - 3 bread rations
 f - 4 fruits
 j - 2 meat rations
 o - a royal jelly


   Skills:
 + Level 4.1 Fighting
 + Level 3.2 Maces & Flails
 + Level 3.4 Dodging
 - Level 2.0 Spellcasting
 + Level 3.5 Charms


You couldn't memorise any spells.
You knew the following spells:

 Your Spells              Type           Power        Failure   Level  Hunger
a - Infusion              Chrm           ##..         6%          1    ##.....
b - Shroud of Golubria    Chrm/Tloc      #.........   19%         2    ###....
c - Song of Slaying       Chrm           ##......     9%          2    ###....
d - Regeneration          Chrm/Necr      #.........   36%         3    ####...


Dungeon Overview and Level Annotations

Branches:
Dungeon (4/15)             Temple (1/1) D:4

Altars:
Ashenzari
Cheibriados
Okawaru
Ru
Sif Muna
Trog
Uskayaw
Vehumet
Xom
Yredelemnul
Zin
The Shining One


Innate Abilities, Weirdness & Mutations

Your plain brown scales are hard. (AC +5)
You cannot fit into any form of body armour.
You are cold-blooded and may be slowed by cold attacks.


Message History

The ogre barely misses you.
You hit the ogre.
The ogre is lightly wounded.
You hit the ogre.
Your tail-slap misses the ogre.
The ogre is moderately wounded.
Your shroud begins to fray at the edges.
The ogre hits you with a giant spiked club!!
Your shroud falls apart!
You barely miss the ogre.
The ogre is moderately wounded.
The ogre hits you with a giant spiked club!
* * * LOW HITPOINT WARNING * * *
You thump the ogre! You tail-slap the ogre.
The ogre is severely wounded.
The ogre completely misses you.
You barely miss the ogre.
The ogre is severely wounded.
The ogre hits you with a giant spiked club!!
Ouch! That really hurt!
You die...

##.b....# ........# ........#
###### ........# #.....
.....(..###################.....
......b....†...................>
#......#######.###########)....
#.......# #O# #####. ....##...#
#@# #. ### #...# #.# ## #...#
#.# ..... #.# ..... #.# .[.....
#.# #.. #..


You could see an ogre.

Vanquished Creatures
  A scorpion (D:4)
  A bullfrog skeleton (D:4)
  7 adders
  6 worms
  2 dart slugs
  3 leopard geckos
  4 orcs (D:4)
  5 giant cockroaches
  5 goblins
  5 hobgoblins
  3 quokkas
  5 bats
  2 gnoll zombies (D:2)
  9 kobolds
  10 rats
68 creatures vanquished.

Notes
Turn   | Place    | Note
-------+----------+-------------------------------------------
     0 | D:1      | Mesmaeker13 the Draconian Skald began the quest for the Orb.
     0 | D:1      | Reached XP level 1. HP: 17/17 MP: 3/3
   454 | D:1      | Reached XP level 2. HP: 25/25 MP: 5/5
  1247 | D:2      | Learned a level 2 spell: Shroud of Golubria
  1308 | D:2      | Reached XP level 3. HP: 29/30 MP: 6/6
  1349 | D:2      | Reached skill level 3 in Fighting
  1544 | D:2      | Found a basalt altar of Yredelemnul.
  1897 | D:2      | Found a basalt altar of Yredelemnul.
  1945 | D:2      | Reached XP level 4. HP: 33/38 MP: 7/7
  2483 | D:3      | Found a glowing golden altar of the Shining One.
  2756 | D:3      | Found a hide-covered altar of Uskayaw.
  2947 | D:3      | Reached XP level 5. HP: 37/45 MP: 0/8
  3293 | D:4      | Learned a level 2 spell: Song of Slaying
  3399 | D:4      | Found a staircase to the Ecumenical Temple.
  3405 | Temple   | Entered the Ecumenical Temple
  3799 | D:4      | Reached skill level 4 in Fighting
  3830 | D:4      | Learned a level 3 spell: Regeneration
  3989 | D:4      | Noticed an ogre
  3997 | D:4      | Demolished by an ogre

Skill      XL: |  1  2  3  4  5 |
---------------+----------------+-----
Fighting       | 3 4 |  4.1
Charms         | 3 |  3.5
Dodging        | 3 |  3.4
Maces & Flails | 3 |  3.2
Spellcasting   | |  2.0

Action                   |  1- 3 |  4- 6 || total
-------------------------+-------+-------++-------
Melee: Mace              |   121 |   127 ||   248
       Tailslap          |    14 |     9 ||    23
Throw: Tomahawk          |       |     2 ||     2
 Cast: Infusion          |     9 |    12 ||    21
       Shroud of Golubri |       |     4 ||     4
       Regeneration      |       |     1 ||     1
  Use: Potion            |     2 |       ||     2
       Scroll            |       |     1 ||     1
 Stab: Sleeping          |     2 |       ||     2
  Eat: Chunk             |     3 |     7 ||    10
Armor: Skin              |    29 |    47 ||    76
Dodge: Dodged            |    84 |    93 ||   177
